 Dungeon Crawl Stone Soup version 0.29-a0-1043-g569b05d6ff (webtiles) character file.

Game seed: 10708658852258661035

46791 Spectrina the Thaumaturge (level 14, -6/154 HPs)
             Began as a Djinni Venom Mage on Aug 14, 2022.
             Was a Believer of Yredelemnul.
             Constricted to death by Jorgrun (12 damage)
             ... on level 1 of the Orcish Mines on Aug 16, 2022.
             The game lasted 01:51:18 (10270 turns).

Spectrina the Thaumaturge (Djinni Venom Mage)      Turns: 10270, Time: 01:51:18

Health: -6/154     AC:  7    Str:  4      XL:     14   Next: 78%
Gold:   1254       EV: 11    Int: 20 (21) God:    Yredelemnul [**....] SH:  0 Dex: 21

rFire   + + .      SeeInvis .   o - +7 trident "Heseang" {elec, rPois rC++}
rCold   + . .      Faith    .   E - orb {*Rage}
rNeg    + . .      Spirit   .   p - +0 troll leather armour
rPois   ∞          Reflect  .   (no helmet)
rElec   .          Harm     .   (no cloak)
rCorr   +          Rampage  .   f - +2 pair of gloves
Will    ++...      Rage     20% (boots unavailable)
Stlth   ..........              F - amulet of regeneration
HPRegen 1.95/turn               d - ring "Gomuhomn" {rN+ rCorr Str-3 Dex+6}
MPRegen 0.00/turn               w - ring of willpower

@: berserking, grasped by roots, flying, constricted, very quick
A: sickness immunity, fire resistance 2, cold vulnerability 1, float, innate
caster, HP casting, extra vitality 1, devolution 1
a: Renounce Religion, Recall Undead Harvest, Dark Bargain


You were on level 1 of the Orcish Mines.
You worshipped Yredelemnul.
Yredelemnul was aware of your devotion.
You visited 4 branches of the dungeon, and saw 19 of its levels.
You also visited: Bailey.

You collected 1520 gold pieces.
You spent 266 gold pieces at shops.

Inventory:

Hand Weapons
 e - a +0 sling
 j - a +3 short sword of freezing
 o - the +7 trident "Heseang" (weapon) {elec, rPois rC++}
   (You found it on level 8 of the Dungeon)

   It occasionally discharges a powerful burst of electricity upon striking a
   foe.
   rC:        It greatly protects you from cold.
   rPois:     It protects you from poison.
 V - a +1 vorpal sling
Armour
 a - a +0 robe
 f - a +2 pair of gloves (worn)
 h - a +3 leather armour
 p - a +0 troll leather armour (worn)
 E - an orb of wrath (worn)
 T - a +0 cloak
Magical Staves
 M - a staff of air
Jewellery
 d - the ring "Gomuhomn" (left hand) {rN+ rCorr Str-3 Dex+6}
   (You took it off a gnoll in a bailey)

   [ring of dexterity]

   Str:       It affects your strength (-3).
   Dex:       It affects your dexterity (+6).
   rN:        It protects you from negative energy.
   rCorr:     It protects you from acid and corrosion.
 w - a ring of willpower (right hand)
 B - a ring of resist corrosion
 F - an amulet of regeneration (around neck)
 H - a ring of ice
 N - a ring of see invisible
Wands
 m - a wand of polymorph (9)
 q - a wand of roots (5)
 y - a wand of mindburst (11)
 G - a wand of flame (11)
 Q - a wand of paralysis (6)
 U - a wand of digging (7)
Scrolls
 b - 6 scrolls of teleportation
 g - a scroll of acquirement
 i - 2 scrolls of fog
 k - 4 scrolls of blinking
 n - 3 scrolls of enchant weapon
 r - a scroll of vulnerability
 s - 2 scrolls of immolation
 t - 3 scrolls of brand weapon
 x - a scroll of torment
 z - 3 scrolls of poison
 I - 2 scrolls of silence
 J - 2 scrolls of enchant armour
 K - 2 scrolls of fear
 L - 2 scrolls of identify
Potions
 c - 11 potions of mutation
 l - 4 potions of haste
 u - 2 potions of resistance
 v - 4 potions of curing
 A - 2 potions of heal wounds
 C - a potion of invisibility
 O - 3 potions of lignification
 P - 3 potions of might
 R - a potion of brilliance {unknown}
 S - 3 potions of cancellation
Miscellaneous
 D - a piece from Xom's chessboard (15/15)


   Skills:
 + Level 10.1 Fighting
 + Level 5.3 Dodging
 + Level 9.4 Stealth
 * Level 11.4 Spellcasting
 + Level 9.9 Invocations
 + Level 10.1 Evocations


You had 7 spell levels left.
You knew the following spells:

 Your Spells              Type           Power      Damage    Failure   Level
a - Sting                 Tmut/Pois      100%       1d8       1%          1
j - Anguish               Hex/Necr       27%        N/A       1%          4
k - Petrify               Tmut/Erth      55%        N/A       1%          4
l - Mephitic Cloud        Conj/Pois/Air  55%        N/A       1%          3
m - Wereblood             Tmut           55%        N/A       1%          2
o - Summon Small Mammal   Summ           100%       N/A       1%          1
p - Summon Mana Viper     Hex/Summ       55%        N/A       2%          5
q - Poisonous Vapours     Pois/Air       100%       N/A       1%          2
s - Static Discharge      Conj/Air       55%        3-10/arc  1%          2
w - Olgreb's Toxic Radia  Pois           55%        N/A       1%          4
Your spell library was empty.

Dungeon Overview and Level Annotations

Branches:
Dungeon (11/15)            Temple (1/1) D:7            Lair (5/5) D:8
  Swamp (0/4) Lair:2       Spider (0/4) Lair:3        Slime (0/5) Lair:5
    Orc (2/2) D:9          Bailey (visited)
    Elf: Orc:2

Altars:
Ashenzari
Cheibriados
Dithmenos
Elyvilon
Fedhas
Gozag
Hepliaklqana
Makhleb
Nemelex Xobeh
Okawaru
Qazlal
Ru
Trog
Uskayaw
Wu Jian
Xom
Yredelemnul
Zin
The Shining One

Shops:
D:10 *

Portals:
Trove: D:10 (give +3 shadow dragon scales)

Annotations:
D:10 Urug
Lair:2 3 runed translucent doors, Adrian566's ghost, novice DsFi
Orc:1 Jorgrun


Innate Abilities, Weirdness & Mutations

You are immune to sickness and miasma.
You are immune to poison.
Your flesh is very heat resistant. (rF++)
You are vulnerable to cold. (rC-)
You float through the air rather than walking.
You learn spells naturally, not from books.
Your magical power is your life essence.
You have superior vitality. (+4 MHP)
You have hidden genetic defects.


Message History

Your mana viper barely misses something.
Unknown command.
You miss something.
Your bat closely misses something.
Your bat hits something but does no damage.
Something hits you!!
You are constricted.
Your mana viper bites something but does no damage.
Unknown command.
You puncture something! Lightning courses through something!
Your mana viper disappears in a puff of smoke!
Your bat closely misses something.
Something hits you!
* * * LOW HITPOINT WARNING * * *
x2 You are constricted!
* * * LOW HITPOINT WARNING * * *
Your bat misses something.
Your bound swamp dragon bites something.
Your bound swamp dragon misses something.
Your bound swamp dragon tramples something.
Something stumbles backwards!
You barely miss something.
Your bat hits something but does no damage.
You hear some strange, mumbled words.
Roots burst forth from the earth!
Roots grab your bat.
Your bat is constricted!
Your bat dies!
Your bat's corpse disappears in a puff of smoke!
You are constricted!
* * * LOW HITPOINT WARNING * * *
Unknown command.
You miss something.
You hear a shout!
Your bat closely misses something.
Your bound swamp dragon misses something.
Your bound swamp dragon barely misses something.
Your bound swamp dragon tramples something.
Something stumbles backwards!
Something hits you.
* * * LOW HITPOINT WARNING * * *
x2 You are constricted!
You die...
Your body rises from the dead as a mindless zombie.

#.........
##........$.....
#..........#...
##.............#
#..............#
#............#
##.........b..##
#...>.......Z..###
##.........Z@....#..
##.........Z......#
#....).........#.##
##.#......_.......#
##...........#.#.##
#...............#.##
##.##..............# ##
###...#........#.###.##
##..#...)....).....#...#


You could see a friendly bound swamp dragon, a friendly troll zombie, the
friendly Erolcha the ogre zombie and a friendly bat (summoned).

Vanquished Creatures
  A two-headed ogre (D:11)
  3 death yaks (D:8)
  A lindwurm (Lair:5)
  An orc knight (Bailey)
  A cane toad (Lair:3)
  A torpor snail (Lair:5)
  A komodo dragon (Lair:3)
  A queen bee (shapeshifter) (D:8)
  2 trolls
  A polar bear (Lair:4)
  Grinder (D:4)
  3 hornets (Lair:5)
  5 blink frogs
  A raiju (shapeshifter) (D:8)
  A dream sheep (Lair:4)
  14 yaks
  3 wyverns
  Edmund (D:6)
  5 water moccasins
  20 orc warriors
  4 ogres
  A sky beast (D:7)
  6 black bears
  A wolf (Lair:2)
  A centaur (D:9)
  2 phantoms (D:6)
  A kobold brigand (D:9)
  9 bullfrogs
  2 necrophages
  7 scorpions
  14 killer bees
  4 howler monkeys
  A hound (D:5)
  9 orc priests
  Terence (D:3)
  3 iguanas
  12 orc wizards
  A hell rat (Lair:3)
  8 gnolls
  3 adders
  A white imp (D:7)
  3 worms
  2 dart slugs
  42 orcs
  7 ball pythons
  A bat (D:3)
  4 endoplasms
  2 giant cockroaches (Lair:3)
  19 goblins
  12 hobgoblins
  8 kobolds
  2 quokkas
  4 frilled lizards
  3 rats
267 creatures vanquished.

Vanquished Creatures (collateral kills)
  Erolcha (Orc:1)
  A boulder beetle (Lair:3)
  4 hydras
  A death yak (Lair:5)
  The ghost of bchevrier the Covered, a novice GnWn of Hepliaklqana (D:8)
  A glowing orange brain (D:8)
  3 ugly things (D:8)
  A will-o-the-wisp (Lair:2)
  3 black mambas
  Joseph (D:8)
  6 torpor snails
  4 cane toads
  2 rime drakes (Lair:5)
  6 komodo dragons
  A troll (Orc:1)
  A meliai (shapeshifter) (D:8)
  A polar bear (Lair:4)
  2 hornets (Lair:5)
  2 tyrant leeches (Lair:5)
  A dream sheep (Lair:4)
  4 blink frogs
  23 yaks
  A wyvern (Lair:2)
  A steam dragon (Lair:5)
  A neqoxec (D:8)
  5 water moccasins
  Pargi (D:3)
  A swamp drake (Lair:5)
  An ice beast (D:8)
  A black bear (D:5)
  3 wolves (Lair:2)
  A tengu (shapeshifter) (D:8)
  A phantom (D:6)
  2 bullfrogs
  A wight (D:10)
  A killer bee (D:7)
  An electric eel (Lair:2)
  12 jellies (Lair:5)
  An orc priest (D:6)
  A hound (D:5)
  2 iguanas (Lair:5)
  3 hell rats (Lair:3)
  A gnoll (D:3)
  A worm (D:4)
  6 orcs
  An endoplasm (Lair:5)
  2 goblins (Bailey)
  2 hobgoblins (Bailey)
  A kobold (D:3)
125 creatures vanquished.

Vanquished Creatures (others)
  An orc warlord (Bailey)
  2 fire dragons (Lair:5)
  2 two-headed ogres
  A lindwurm (Lair:5)
  An ugly thing (D:8)
  A black mamba (Lair:2)
  3 cane toads
  3 komodo dragons
  A hydra zombie (Lair:5)
  2 hornets (Lair:5)
  2 trolls
  A tyrant leech (Lair:5)
  2 dream sheep (Lair:4)
  4 blink frogs
  A spectral cane toad (Lair:2)
  2 black mamba zombies
  4 yaks
  3 steam dragons
  An acid dragon (Lair:5)
  3 cane toad zombies
  A water moccasin (Lair:1)
  A lindwurm zombie (Lair:5)
  2 hornet zombies (Lair:5)
  A black bear (D:8)
  An ice beast (D:7)
  3 blink frog zombies (Lair:5)
  2 torpor snail zombies (Lair:5)
  2 rime drake zombies (Lair:5)
  A bullfrog (Lair:3)
  A water moccasin zombie (Lair:1)
  2 yak zombies
  2 electric eels (Lair:2)
  2 wolf zombies (Lair:2)
  A bullfrog zombie (Lair:1)
  An iguana (D:6)
  A scorpion zombie (Lair:3)
  3 hell rat zombies (Lair:3)
  2 gnolls (D:3)
  A swamp drake zombie (Lair:5)
  3 iguana zombies
  3 jelly zombies (Lair:5)
  An orc (D:9)
  A hobgoblin (Bailey)
  2 foxfires (Lair:2)
  29 fungi
  75 plants
184 creatures vanquished.

Grand Total: 576 creatures vanquished

Notes
Turn   | Place    | Note
-------+----------+-------------------------------------------
     0 | D:1      | Spectrina the Djinni Venom Mage began the quest for the
                  | Orb.
     0 | D:1      | Spectrina set off with the following spells memorised:
                  | Sting, Poisonous Vapours, Mephitic Cloud, Olgreb's Toxic
                  | Radiance.
     0 | D:1      | Reached XP level 1. HP: 15/15 MP: 0/0
    71 | D:1      | Reached XP level 2. HP: 12/22 MP: 0/0
   160 | D:3      | Found a shimmering altar of Xom.
   354 | D:3      | Reached XP level 3. HP: 17/26 MP: 0/0
   354 | D:3      | Learned a level 1 spell: Summon Small Mammal
   390 | D:3      | Reached skill level 1 in Fighting
   505 | D:3      | Noticed Pargi
   528 | D:3      | Killed Pargi
   529 | D:3      | Reached skill level 3 in Spellcasting
   529 | D:3      | Reached skill level 1 in Invocations
   529 | D:3      | Reached skill level 1 in Evocations
   529 | D:3      | Reached XP level 4. HP: 8/33 MP: 0/0
   529 | D:3      | Reached XP level 5. HP: 9/38 MP: 0/0
   529 | D:3      | Learned a level 2 spell: Static Discharge
   644 | D:3      | Noticed Terence
   651 | D:3      | Killed Terence
   981 | D:5      | Entered Level 5 of the Dungeon
   992 | D:5      | Reached XP level 6. HP: 31/43 MP: 0/0
  1153 | D:5      | Found a burning altar of Makhleb.
  1272 | D:5      | Noticed a black bear
  1280 | D:5      | Killed a black bear
  1281 | D:5      | Reached XP level 7. HP: 19/49 MP: 0/0
  1281 | D:5      | Learned a level 2 spell: Wereblood
  1390 | D:6      | Reached skill level 4 in Spellcasting
  1495 | D:8      | Identified the +7 trident "Heseang" {elec, rPois rC++}
  1516 | D:8      | Noticed a yak
  1558 | D:8      | Noticed a yak
  1586 | D:8      | Noticed Joseph
  1692 | D:8      | Found a flagged portal.
  1717 | Bailey   | Entered a bailey
  1806 | Bailey   | Reached XP level 8. HP: 22/56 MP: 0/0
  1961 | Bailey   | Noticed an orc knight
  2019 | Bailey   | Killed an orc knight
  2020 | Bailey   | Reached skill level 5 in Spellcasting
  2020 | Bailey   | Reached XP level 9. HP: 9/62 MP: 0/0
  2020 | Bailey   | Learned a level 4 spell: Anguish
  2145 | Bailey   | Noticed an orc warlord
  2192 | Bailey   | Killed an orc warlord
  2193 | Bailey   | Reached skill level 6 in Spellcasting
  2254 | Bailey   | Reached skill level 5 in Fighting
  2263 | Bailey   | Identified the ring "Gomuhomn" {rN+ rCorr Str-3 Dex+6}
  2560 | D:8      | Reached skill level 5 in Evocations
  2670 | D:9      | Reached skill level 5 in Stealth
  2670 | D:9      | Reached skill level 5 in Invocations
  2670 | D:9      | Reached XP level 10. HP: 38/70 MP: 0/0
  2792 | D:8      | Noticed a death yak
  2857 | D:8      | Found a runed translucent gate.
  2857 | D:8      | Found a runed translucent gate.
  2857 | D:8      | Found a runed translucent gate.
  2857 | D:8      | Noticed a white ugly thing
  2857 | D:8      | Noticed a red ugly thing
  2858 | D:8      | Noticed a white ugly thing
  2858 | D:8      | Noticed a glowing orange brain
  2871 | D:8      | Noticed a death yak
  2878 | D:8      | Noticed a red ugly thing
  2936 | D:8      | Noticed a death yak
  2969 | D:8      | Killed a death yak
  2982 | D:8      | Killed a death yak
  2983 | D:8      | Reached skill level 7 in Spellcasting
  3011 | D:8      | Killed a death yak
  3015 | D:8      | Upgraded the game from 0.29-a0-1033-gb6c65ffae6 to
                  | 0.29-a0-1043-g569b05d6ff
  3065 | D:8      | Found a staircase to the Lair.
  3261 | D:9      | Found a staircase to the Orcish Mines.
  3318 | D:9      | Reached XP level 11. HP: 41/76 MP: 0/0
  3318 | D:9      | Learned a level 4 spell: Petrify
  3847 | D:10     | Entered Level 10 of the Dungeon
  3900 | D:10     | Reached skill level 8 in Spellcasting
  3918 | D:10     | Found a shadowy altar of Dithmenos.
  4040 | D:10     | Found a blossoming altar of Fedhas.
  4182 | D:10     | Noticed Urug
  4207 | D:10     | Noticed a vault guard
  4310 | Orc:1    | Entered Level 1 of the Orcish Mines
  4472 | Orc:1    | Noticed Erolcha
  4773 | D:10     | Found Xetwow's General Store.
  4793 | D:10     | Bought a scroll of vulnerability for 56 gold pieces
  4793 | D:10     | Bought a potion of invisibility for 112 gold pieces
  4793 | D:10     | Bought a scroll of identify for 28 gold pieces
  4793 | D:10     | Bought a potion of heal wounds for 70 gold pieces
  4806 | D:10     | Found a stormy altar of Qazlal.
  4806 | D:10     | Found a white marble altar of Elyvilon.
  4815 | D:10     | Found a broken altar of Ashenzari.
  4821 | D:10     | Found a faded altar of an unknown god.
  4822 | D:10     | Found an iron altar of Okawaru.
  4965 | D:11     | Noticed a two-headed ogre
  4989 | D:11     | Killed a two-headed ogre
  5010 | D:11     | Noticed a two-headed ogre
  5034 | D:11     | Killed a two-headed ogre
  5257 | D:10     | Found a portal to a secret trove of treasure.
  5351 | Orc:2    | Entered Level 2 of the Orcish Mines
  5356 | Orc:2    | Noticed an orc knight
  5360 | Orc:2    | Noticed an orc knight
  5362 | Orc:2    | Noticed an orc sorcerer
  5366 | Orc:2    | Reached XP level 12. HP: 42/85 MP: 0/0
  5590 | D:7      | Found a staircase to the Ecumenical Temple.
  5601 | Temple   | Entered the Ecumenical Temple
  5657 | Temple   | Became a worshipper of Yredelemnul the Dark
  5959 | D:6      | Noticed Edmund
  5991 | D:6      | Killed Edmund
  6040 | D:6      | Reached * piety under Yredelemnul
  6214 | D:6      | Reached skill level 9 in Spellcasting
  6472 | D:6      | Reached ** piety under Yredelemnul
  6534 | D:4      | Noticed Grinder
  6549 | D:4      | Killed Grinder
  6911 | Lair:1   | Entered Level 1 of the Lair of Beasts
  7043 | Lair:1   | Reached *** piety under Yredelemnul
  7053 | Lair:1   | Reached **** piety under Yredelemnul
  7396 | Lair:1   | Reached ***** piety under Yredelemnul
  7581 | Lair:2   | Found a staircase to the Swamp.
  7633 | Lair:2   | Noticed a catoblepas
  7676 | Lair:2   | Reached XP level 13. HP: 75/93 MP: 0/0
  7676 | Lair:2   | Learned a level 5 spell: Summon Mana Viper
  7680 | Lair:2   | Noticed a seven-headed hydra
  7776 | Lair:2   | Found a runed translucent gate.
  7777 | Lair:2   | Found a runed translucent gate.
  7778 | Lair:2   | Found a runed translucent gate.
  7801 | Lair:2   | Noticed Adrian566's ghost (novice DsFi)
  7801 | Lair:2   | Noticed an ice dragon
  7937 | Lair:3   | Noticed a boulder beetle
  7948 | Lair:3   | Killed a boulder beetle
  8037 | Lair:3   | Noticed a five-headed hydra
  8043 | Lair:3   | Killed a five-headed hydra
  8062 | Lair:3   | Reached skill level 10 in Spellcasting
  8135 | Lair:3   | Found a hole to the Spider Nest.
  8399 | Lair:4   | Noticed a four-headed hydra
  8482 | Lair:4   | Killed a seven-headed hydra
  8602 | Lair:4   | Noticed an eight-headed hydra
  8732 | Lair:4   | Reached ****** piety under Yredelemnul
  8763 | Lair:4   | Killed a four-headed hydra
  8763 | Lair:4   | Enslaved a four-headed hydra
  8846 | Lair:4   | Killed an eight-headed hydra
  8846 | Lair:4   | Enslaved an eight-headed hydra
  9002 | Lair:5   | Entered Level 5 of the Lair of Beasts
  9131 | Lair:5   | Noticed a seven-headed hydra
  9138 | Lair:5   | Killed a seven-headed hydra
  9139 | Lair:5   | Reached XP level 14. HP: 98/101 MP: 0/0
  9152 | Lair:5   | Found a staircase to the Slime Pits.
  9482 | Lair:5   | Found a runed translucent door.
  9490 | Lair:5   | Reached skill level 11 in Spellcasting
  9878 | D:8      | Reached skill level 5 in Dodging
  9878 | D:8      | Reached skill level 10 in Evocations
  9883 | D:8      | Reached skill level 10 in Fighting
  9891 | D:8      | Found a runed translucent gate.
  9891 | D:8      | Found a runed translucent gate.
  9896 | D:8      | Noticed bchevrier's ghost (novice GnWn)
  9897 | D:8      | Found a runed translucent gate.
  9915 | D:8      | Killed bchevrier's ghost
  9951 | D:8      | Gained mutation: You have hidden genetic defects.
                  | [mutagenic glow]
  9993 | D:8      | Killed Joseph
 10261 | Orc:1    | Killed Erolcha
 10270 | Orc:1    | HP: 6/154 [something (2)]
 10270 | Orc:1    | Constricted to death by Jorgrun

Illustrated notes

Levels and vault maps discovered:
D:1:      dpeg_arrival_ternary, layout_basic, chequers_ecumenical_altar_island,
          serial_shops, shop_statue
D:2:      layout_basic, uniq_sigmund
D:3:      layout_basic, lemuel_crystal_altar, lemuel_old_faithful, uniq_terence,
          uniq_pargi
D:4:      layout_cave_pools, uniq_grinder
D:5:      layout_cave_pools, bloody_makhleb, chequers_jeans, minmay_holes
D:6:      layout_rooms, uniq_edmund
D:7:      layout_basic, temple_pool_b
D:8:      layout_rooms, dpeg_lair_monsters, enter_bailey_5,
          ploomutoo_gammafunk_ghost_potion_laboratory, minmay_quadrilaterals,
          uniq_joseph
D:9:      layout_loops_cross, david_orc_4
D:10:     layout_basic, mainiacjoe_overflow_tiny_flanked,
          mainiacjoe_overflow_chevrons, chequers_temple_overflow_minitemple,
          serial_shops, shop, enter_trove_5, uniq_urug
D:11:     layout_irregular_city, elyvilon_altar_3
Temple:   compressed_dpeg_circular_temple
Lair:1:   layout_cave_pods
Lair:2:   layout_chaotic_city, minmay_swamp_entry_wisps, gammafunk_ghost_icy,
          serial_bayou_lagoon_b
Lair:3:   layout_chaotic_city, nicolae_spider_entry_non_spiders,
          grunt_forest_small_clearing_treed, grunt_megastairs_5
Lair:4:   layout_cave_shapes, minivault_26, grunt_megastairs_2,
          lemuel_fruit_tree
Lair:5:   guppyfry_lair_end_dragon, layout_hall_layers, wormcave,
          minmay_slime_entry_jelly_boxes, lemuel_fruit_fields
Orc:1:    layout_caves, basic_altar, uniq_jorgrun, uniq_erolcha, uniq_maurice
Orc:2:    grunt_orc_gardens, layout_diamond_mine, grunt_orc_garden,
          grunt_orc_garden, grunt_orc_garden, grunt_orc_garden, basic_altar,
          gammafunk_ghost_berserking_beasts

Skill      XL: |  1  2  3  4  5  6  7  8  9 10 11 12 13 14 |
---------------+-------------------------------------------+-----
Fighting       | 1 2 3 4 5 6 7 8 9 10 | 10.1
Stealth        | 2 3 4 5 6 7 8 9 |  9.4
Spellcasting   | 3 4 5 6 7 8 9 10 11 | 11.4
Invocations    | 1 2 3 5 6 7 8 9 |  9.9
Evocations     | 1 2 3 5 6 7 8 9 10 | 10.1
Dodging        | 3 5 |  5.3

Action                   |  1- 3 |  4- 6 |  7- 9 | 10-12 | 13-15 || total
-------------------------+-------+-------+-------+-------+-------++-------
Melee: Short sword       |       |     8 |     2 |       |       ||    10
       Punch             |       |     1 |       |       |       ||     1
       Trident           |       |       |    58 |   157 |   120 ||   335
       Unarmed           |       |       |       |     2 |       ||     2
 Fire: Sling             |    26 |    14 |       |       |       ||    40
 Cast: Sting             |    28 |    11 |    11 |     2 |       ||    52
       Summon Small Mamm |     7 |    20 |    37 |    53 |    19 ||   136
       Poisonous Vapours |     4 |    15 |    37 |   120 |    31 ||   207
       Olgreb's Toxic Ra |       |       |     2 |    62 |    39 ||   103
       Mephitic Cloud    |       |       |     4 |     2 |     1 ||     7
       Anguish           |       |       |     2 |    34 |    63 ||    99
       Petrify           |       |       |       |     6 |       ||     6
       Wereblood         |       |       |       |     1 |       ||     1
       Summon Mana Viper |       |       |       |       |    30 ||    30
Invok: Bind Soul         |       |       |       |     1 |     3 ||     4
       Recall Undead Har |       |       |       |       |     4 ||     4
       Dark Bargain      |       |       |       |       |     1 ||     1
  Use: Potion            |     1 |     4 |       |     5 |     1 ||    11
       Scroll            |       |     1 |     9 |    12 |     4 ||    26
 Stab: Sleeping          |       |     1 |     1 |     7 |     4 ||    13
       Confused          |       |       |       |     1 |       ||     1
       Petrifying        |       |       |       |     1 |       ||     1
       Distracted        |       |       |       |       |     3 ||     3
Armor: Robe              |     5 |     3 |     4 |       |       ||    12
       Leather armour    |       |       |     8 |     7 |       ||    15
       Skin              |       |       |       |     2 |       ||     2
       Troll leather arm |       |       |       |    18 |    20 ||    38
Dodge: Dodged            |     6 |    22 |    23 |    61 |    46 ||   158

Table legend: (Time is in decaauts)
 A = Elapsed time spent in this place.
 B = Non-inter-level travel time spent in this place.
 C = Inter-level travel time spent in this place.
 D = Time resting spent in this place.
 E = Time spent auto-exploring this place.
 F = Levels seen in this place.
 G = Mean time per level.
                   A        B        C        D        E       F      G
               +--------+--------+--------+--------+--------+-----+--------+
         Total |  10594 |   9486 |   1108 |     16 |      0 |  20 |  529.7 |
       Dungeon |   6251 |   5512 |    739 |      0 |      0 |  11 |  568.3 |
        Temple |     70 |     62 |      8 |      0 |      0 |   1 |   70.0 |
          Lair |   3125 |   2770 |    355 |      0 |      0 |   5 |  625.0 |
  Orcish Mines |    307 |    302 |      5 |     16 |      0 |   2 |  153.5 |
        Bailey |    839 |    839 |      0 |      0 |      0 |   1 |  839.0 |
               +--------+--------+--------+--------+--------+-----+--------+

Top non-repeatable levels by time:
     D:9: 1377 daAuts
     D:8: 1006 daAuts
    D:10: 962 daAuts
  Bailey: 839 daAuts
  Lair:5: 775 daAuts
     D:3: 718 daAuts
  Lair:1: 695 daAuts
  Lair:4: 640 daAuts
     D:6: 570 daAuts
     D:7: 542 daAuts
  Lair:3: 533 daAuts
  Lair:2: 481 daAuts
     D:4: 424 daAuts
     D:5: 410 daAuts
   Orc:1: 290 daAuts
